Cogmind - Beta 11 @@@ ROGUE MODE // 2022.04.09 @ 14:12:23 Player: RNGesus Result: Destroyed by G-34 Mercenary with Small Laser Performance ------------- Evolutions (0) 0 Regions Visited (2) 400 Robots Destroyed (22) 110 Value Destroyed (387) 387 Prototype IDs (0) 0 Alien Tech Used (0) 0 Bonus (0) 0 TOTAL SCORE: 897 Bonus ------- None Cogmind --------- Core Integrity 0/250 Matter 213/300 Energy 194/250 System Corruption 0% Temperature Cool (25) Movement Treading (320) Ox2 Location -10/Mines Parts ------- > --- POWER (1) -------- Ion Engine > --- PROPULSION (2) --- Light Treads Light Treads > --- UTILITY (2) ------ Huge Storage Unit > --- WEAPON (2) ------- Assault Rifle Light Assault Rifle > --- INVENTORY (25) --- Light Treads Compact Wheel Visual Processing Unit Signal Interpreter Seismic Detector Seismic Detector Transport Network Coupler EM Pulse Gun Grenade Launcher Grenade Launcher Grenade Launcher Datajack Peak State ------------ > --- POWER ------------ Ion Engine > --- PROPULSION ------- Light Treads Compact Wheel > --- UTILITY ---------- Huge Storage Unit Seismic Detector > --- WEAPON ----------- Medium Laser Assault Rifle > --- INVENTORY -------- Ion Engine Light Treads Light Treads Light Treads Signal Interpreter Seismic Detector Seismic Detector Transport Network Coupler EM Pulse Gun Assault Rifle Assault Rifle Grenade Launcher Grenade Launcher Grenade Launcher Datajack [Rating: 8] Favorites ----------- Power Ion Engine Engine Ion Engine Propulsion Light Treads Treads Light Treads Wheel Compact Wheel Utility Huge Storage Unit Device Seismic Detector Storage Huge Storage Unit Weapon Assault Rifle Energy Gun Medium Laser Ballistic Gun Assault Rifle Launcher Grenade Launcher Build | -11 -10 -10 ------- Run | Scr Mat Min Slots Evolved . | . . . Power . | . . . Propulsion . | . . . Utility . | . . . Weapon . | . . . Parts Attached 22 | 7 10 5 Power 2 | 1 . 1 Engine 2 | 1 . 1 Core . | . . . Reactor . | . . . Propulsion 8 | 2 4 2 Treads 5 | 2 1 2 Leg . | . . . Wheel 3 | . 3 . Hover . | . . . Flight . | . . . Utility 3 | 1 2 . Device 1 | . 1 . Storage 2 | 1 1 . Processor . | . . . Hackware . | . . . Protection . | . . . Artifact . | . . . Weapon 9 | 3 4 2 Energy Gun 2 | 2 . . Energy Cannon . | . . . Ballistic Gun 6 | 1 3 2 Ballistic Cannon . | . . . Launcher 1 | . 1 . Special Weapon . | . . . Impact Weapon . | . . . Slashing Weapon . | . . . Piercing Weapon . | . . . Special Melee Weapon . | . . . Unidentified Prototypes . | . . . Parts Lost 7 | . 1 6 Power 1 | . . 1 Propulsion 2 | . . 2 Utility 1 | . . 1 Weapon 3 | . 1 2 Highest Loss Streak 6 | . 1 6 To Critical Strikes . | . . . Average Slot Usage (%) 94 | . 92 98 Engine 14 | . 14 14 Treads 16 | . 18 14 Wheel 11 | . 9 14 Device 9 | . 7 13 Storage 14 | . 14 14 Energy Gun 7 | . 12 . Ballistic Gun 19 | . 15 27 Naked Turns . | . . . Heaviest Build 90 | 14 90 89 Greatest Support 40 | 40 40 16 Greatest Overweight (x) 5 | 2 5 5 Average Overweight (x) 3 | . 3 5 Largest Inventory Capacity 25 | 8 25 25 Average Capacity 20 | 7 19 25 Most Carried 18 | 4 18 17 Average Carried 13 | 2 12 16 Final Capacity 25 | 8 25 25 Final Carried 17 | 4 17 12 Class Distribution -------------------- 100% | Mutant Dominant Class ---------------- Mutant | -10/Materials Mutant | -10/Mines Resources | -11 -10 -10 ----------- Run | Scr Mat Min Matter Collected 518 | 184 307 27 Remotely . | . . . Salvage Created 591 | 64 527 . Parts 56 | 10 46 . Haulers Intercepted 1 | . 1 . Recyclers Shooed 1 | . 1 . Parts Field Recycled . | . . . Retrieved Matter . | . . . Parts Self-Destructed . | . . . Prevented . | . . . Kills | -11 -10 -10 ------- Run | Scr Mat Min Combat Hostiles Destroyed 14 | . 14 . Guns 11 | . 11 . AOE 3 | . 3 . Classes Destroyed 6 | 1 5 . Worker 3 | . 3 . Tunneler 3 | 3 . . Hauler 1 | . 1 . Watcher 1 | . 1 . Swarmer 6 | . 6 . Grunt 8 | . 8 . Best Kill Streak 8 | 2 8 . Combat Bots Only 8 | . 8 . Max Kills in Single Turn 3 | 1 3 . Gunslinging . | . . . Exploded 3 | . 3 . Melee . | . . . Uniques/NPCs Destroyed . | . . . Combat | -11 -10 -10 -------- Run | Scr Mat Min Damage Taken 975 | . 531 444 Core 252 | . 94 158 Absorbed by Shields . | . . . Core Remaining (%) 100 | 100 . . Volleys Fired 71 | 9 41 21 Largest 2 | 2 2 2 Hottest 70 | 70 70 40 Shots Fired 130 | 18 77 35 Gun 129 | 18 76 35 Cannon . | . . . Launcher 1 | . 1 . Special . | . . . Kinetic 84 | 9 40 35 Thermal 45 | 9 36 . Explosive 1 | . 1 . Electromagnetic . | . . . Robot Hit Streak 16 | 3 16 7 Robot Miss Streak 4 | 3 3 4 Penetration Max . | . . . Secondary Targets 3 | . 3 . Max Gunslinging Chain 1 | . 1 . Shots Hit Robots 87 | 9 57 21 Core Hits 37 | 4 29 4 Critical Kills . | . . . Critical Parts Destroyed . | . . . Critical Strikes 4 | 1 3 . Burn 4 | 1 3 . Melee Attacks . | . . . Impact . | . . . Slashing . | . . . Piercing . | . . . Sneak Attacks . | . . . Combat Hostiles . | . . . Follow-up Attacks . | . . . Damage Inflicted 1197 | 135 852 210 Guns 1076 | 135 731 210 Cannons . | . . . Explosions 121 | . 121 . Melee . | . . . Ramming . | . . . Kinetic 669 | 71 388 210 Thermal 407 | 64 343 . Explosive 121 | . 121 . Electromagnetic . | . . . Impact . | . . . Slashing . | . . . Piercing . | . . . Highest Corruption . | . . . Average Corruption . | . . . Corruption Purged . | . . . Corruption Blocked . | . . . Overload Shots . | . . . Overflow Damage . | . . . Projectiles . | . . . Explosions . | . . . Melee . | . . . Knockbacks . | . . . Impact . | . . . Kinetic . | . . . Secondary . | . . . Self-Inflicted Damage . | . . . Shots . | . . . Rammed . | . . . Targets Rammed . | . . . Kicked . | . . . Crushed . | . . . Highest Temperature 267 | 36 267 31 Average Temperature 64 | 14 87 13 Received Heat Transfer 513 | . 246 267 Siege Activations . | . . . Robots Corrupted . | . . . Combat Hostiles . | . . . Parts Fried . | . . . Impact Corruptions . | . . . Robots Melted . | . . . Combat Hostiles . | . . . Parts Melted 2 | . 2 . Heat Transferred 1443 | 259 1184 . Parts Sabotaged . | . . . Parts Stolen . | . . . Parts Stripped . | . . . Power Chain Reactions . | . . . Missiles Intercepted . | . . . Alert | -11 -10 -10 ------- Run | Scr Mat Min Peak Influence 336 | 15 336 130 Initial 130 | . 9 130 Average 92 | 3 99 106 Maximum Alert Level 1 | . 1 . Low Security (%) 90 | 100 82 100 Level 1 9 | . 17 . Level 2 . | . . . Level 3 . | . . . Level 4 . | . . . Level 5 . | . . . High Security . | . . . Max Security . | . . . Squads Dispatched 4 | . 4 . Investigation 1 | . 1 . Extermination . | . . . Reinforcement 3 | . 3 . Assault . | . . . Garrison . | . . . Intercept . | . . . Searches Triggered . | . . . Construction Impeded . | . . . Haulers Reinforced . | . . . Active Scanning Responses . | . . . Cargo Convoy Interrupts . | . . . Stealth | -11 -10 -10 --------- Run | Scr Mat Min Distress Signals 1 | . 1 . Communications Jammed . | . . . Distress Signals . | . . . Times Spotted 24 | . 22 2 Peak Tracking Total 8 | . 8 2 Tactical Retreats . | . . . Traps | -11 -10 -10 ------- Run | Scr Mat Min Traps Triggered 2 | . 2 . Indirectly . | . . . Trap Hack Attempts . | . . . Triggered . | . . . Disarmed . | . . . Reprogrammed . | . . . Reused . | . . . Traps Extracted . | . . . Installed . | . . . Triggered . | . . . Machines | -11 -10 -10 ---------- Run | Scr Mat Min Machines Disabled . | . . . Max in Single Turn . | . . . Machines Sabotaged . | . . . Garrisons Compromised . | . . . Overloaded Fab Kills . | . . . Hacking | -11 -10 -10 --------- Run | Scr Mat Min Machines Accessed 3 | . 3 . Terminals 3 | . 3 . Fabricators . | . . . Repair Stations . | . . . Recycling Units . | . . . Scanalyzers . | . . . Garrison Access . | . . . Total Hacks 9 | . 9 . Successful 4 | . 4 . Failed 5 | . 5 . Catastrophic . | . . . Database Lockouts . | . . . Manual 7 | . 7 . Terminals 9 | . 9 . Fabricators . | . . . Repair Stations . | . . . Recycling Units . | . . . Scanalyzers . | . . . Garrison Access . | . . . Terminal Hacks 3 | . 3 . Robot Analysis 2 | . 2 . Zone Layout 1 | . 1 . Fabricator Hacks . | . . . Repair Station Hacks . | . . . Recycling Unit Hacks . | . . . Scanalyzer . | . . . Garrison Access Hacks . | . . . Unauthorized Hacks 1 | . 1 . Terminals 1 | . 1 . Track 1 | . 1 . Fabricators . | . . . Repair Stations . | . . . Recycling Units . | . . . Scanalyzers . | . . . Garrison Access . | . . . Data Cores Recovered . | . . . Used . | . . . Hacking Detections 2 | . 2 . Full Trace Events . | . . . Feedback Events . | . . . Feedback Blocked . | . . . Robot Schematics Acquired . | . . . Robots Built . | . . . Authchips . | . . . Time . | . . . Total Robot Build Rating . | . . . Part Schematics Acquired . | . . . Parts Built . | . . . Authchips . | . . . Time . | . . . Total Part Build Rating . | . . . Parts Repaired . | . . . Time . | . . . Parts Recycled . | . . . Recycled Matter . | . . . Retrieved Matter . | . . . Retrieved Components . | . . . Parts Scanalyzed . | . . . Part Schematics Acquired . | . . . Parts Damaged . | . . . Bothacking | -11 -10 -10 ------------ Run | Scr Mat Min Used RIF Installer . | . . . Robots Hacked . | . . . Non-combat . | . . . Combat . | . . . Robot Hacks Applied . | . . . Relay Couplers Released . | . . . Fabnet Peak Effective % . | . . . Robots Rewired . | . . . Allies Hacked . | . . . Hacks Repelled . | . . . Allies | -11 -10 -10 -------- Run | Scr Mat Min Total Allies . | . . . Largest Group . | . . . Highest-Rated Group . | . . . Highest-Rated Ally . | . . . Total Orders . | . . . Ally Attacks . | . . . Total Damage . | . . . Kills . | . . . Allies Corrupted . | . . . Allies Melted . | . . . Intel | -11 -10 -10 ------- Run | Scr Mat Min Robot Analysis Total 2 | . 2 . Derelict Logs Recovered 2 | . . 2 Drone Launches . | . . . Drone Recoveries . | . . . Exploration | -11 -10 -10 ------------- Run | Scr Mat Min Turns Passed 1361 | 132 744 485 Spaces Moved 654 | 62 350 242 Core 15 | 15 . . Treads 183 | 47 136 . Legs . | . . . Wheels 456 | . 214 242 Hover . | . . . Flight . | . . . Fastest Speed 50 | 50 160 175 Average Speed 169 | 147 169 175 Slowest Speed 175 | 160 175 175 Overloaded Moves . | . . . Propulsion Burnouts . | . . . Robots Hopped . | . . . Cave-ins Triggered . | . . . Exploration Rate (%) 39 | 4 53 60 Regions Visited 2 Branch Regions 1 Pre-discovered Areas . | . . . Known Exits Taken . | . . . Unknown Exits Taken 2 | 1 1 . Scrap Searched 1 | . . 1 Spaces Dug . | . . . Terrain Destroyed 3 | . 3 . Melee . | . . . Projectile . | . . . AOE 3 | . 3 . Terrain Rammed . | . . . Walls Destroyed . | . . . Machines Disabled . | . . . Actions | -11 -10 -10 --------- Run | Scr Mat Min Total 776 | 81 422 273 Wait 9 | . 4 5 Move 652 | 61 349 242 Hop . | . . . Pick Up 21 | 4 17 . Fast Attach 8 | 6 2 . Attach 8 | . 3 5 Detach . | . . . Swap 6 | 1 5 . Drop 1 | . 1 . Fire 71 | 9 41 21 Melee . | . . . Ram . | . . . Kick . | . . . Crush . | . . . Escape Stasis . | . . . Rewire . | . . . Trap . | . . . Miscellaneous . | . . . Route ------- -11/Scrapyard -10/Materials (discovered 2 exits: [*Mat] / [*Min]) -10/Mines (discovered 1 exit: [*Mat]) History --------- Turn | Location | Event 5 | -11/Scrapyard | Discovered new exit (range 15) 133 | -11/Scrapyard | Entered Materials 170 | -10/Materials | Discovered new exit (range 8) 305 | -10/Materials | Build established: Mutant 688 | -10/Materials | Discovered new exit (range 3) 817 | -10/Materials | Destroyed 8 combat bots 877 | -10/Materials | Entered Mines 926 | -10/Mines | Learned Materials terminal intel 1098 | -10/Mines | Discovered new exit (range 7) 1333 | -10/Mines | Core integrity fell below 50% 1353 | -10/Mines | Core integrity fell below 20% 1362 | -10/Mines | Destroyed by G-34 Mercenary with Small Laser Last Messages --------------- LOCATION=UNKNOWN GOAL=ESCAPE 00926_ Acquired derelict log, extracted data. Data stored: Materials terminal intel. 00959_ Acquired derelict log, extracted data. Data stored: Mines entrances (x2). 00961_ Searching scrap... 00961_ Found Lgt. Ion Engine. 00961_ Found 27 Matter. 00962_ Acquired 27 matter. 01084_ K-01 Serf collects debris. 01098_ EXIT=FOUND 01099_ K-01 Serf collects debris. 01309_ Assault Rifle destroyed. 01338_ Seismic Detector destroyed. 01340_ Ion Engine destroyed. 01342_ Lgt. Treads destroyed. 01344_ Critical hit (Burn: +37). 01344_ Assault Rifle destroyed. 01360_ Com. Wheel destroyed. Map ----- +----------------------------------------------------+ | | | | | ?????????????????????????????????????????????????? | | ???????###???????????????????????????????????????? | | ####### ##??????????????????????????????????????? | | ## #??????????????????????????????????????? | | #??????????????????????????????????????? | | #??????????????????????????????????????? | | #???????????????????????????????????????? | | ##???????????????????????????????????????? | | ## #######??????????????????????????????????? | | ### #??????????????????????????????????? | | ### ##### #??????????????????????????????????? | | ## #???# #??????????????????????????????????? | | ## #???# #??????????????????????????????????? | | ### #???# #??????????????????????????????????? | | ####?# #?### #??????????????????????????????????? | | ##????# ### ##?????????????????????????????????? | | ##????# ##????????????????????????????????? | | ##???# ##???????????????????????????????? | | ##??#### #???????????????????????????????? | | # ##????# #???????????????????????????????? | | ## #????# ##???????????????????????????????? | | ?# ##???## #????????????????????????????????? | | ## #????#### #??????####??????????????????????? | | # #???????# #?????## @##?????"" """ #???????? | | #???????# #???### #### ?????????? | | #???????# #??## g """ "????????????? | | ##???????# #?## g """ "????????????? | | # ##????????# ### ###### """ ?????????????? | | ####?????????# ## ###?????? ????????????? | | ??????????#### # ###??????????###????????????? | | ?????###### ##???????????????????????????? | | ????## ##????????????????????????????? | | ????# ##?????????????????????????????? | | #???# ### ###??????????????????????????????? | | ##??# ##?####????????????????????????????????? | | #??## #??????????????????????????????????????? | | ##?## < ###????????????????????????????????????? | | ### ##???????????????????????????????????? | | #???????????????????????????????????? | | #???????????????????????????????????? | | ##???????????????????????????????????? | | ####????????????????????????????????????? | | #####???????????????????????????????????????? | | ##???????????????????????????????????????????? | | #????????????????????????????????????????????? | | ##????????????????????????????????????????????? | | ##?????????+##?????????????????????????????????? | | #?????????? ?????????????????????????????????? | +----------------------------------------------------+ Best States ------------- Heat Dissipation 25 Energy Generation 10 Energy Capacity 250 Matter Stores 293 Matter Capacity 300 Sight Range 16 Terrain Scan Density 10 Evasion (%) 40 Recoil Reduction 2 Item Schematics ----------------- None Robot Schematics ------------------ None Fabricated ------------ Nothing Alien Tech Used ----------------- None Achievements -------------- None Challenges ------------ None Game ------ Seed SpacefoldHeatCharge Manual? 0 Play Time 00:08:11 Cumulative 313.1 hours Start 2022.04.09 @ 14:03:22 End 2022.04.09 @ 14:12:23 Sessions 1 Manual Loads 0 Difficulty Rogue Special Mode None Game No. 468 Rogue 468 Adventurer 0 Explorer 0 Win Type - Total 5 Types 3/0/1/1/0/0/0/0/0 Lore% 79 Gallery% 81 Achievement% 64 Wizard Run 0 Options --------- ASCII 0 Keyboard 1 Movement Numpad Keybinds 0 Fullscreen 2 Font 24/Smallcaps Map View 76x50 Tactical HUD 1 Map Filters NONE Filters NONE Steam 1 RUN: 0de2a245-ea93-40e9-a05d-40f76584c5c1